 Dungeon Crawl Stone Soup version 0.30-a0-596-g0af90f9a20 (webtiles) character file.

Game seed: 11467186309542470857

115 sokol815 the Chopper (level 5, -5/36 HPs)
             Began as an Octopode Fighter on Jan 7, 2023.
             Slain by a gnoll
             ... wielding a +0 club
              (7 damage)
             ... on level 3 of the Dungeon.
             The game lasted 00:03:01 (1741 turns).

sokol815 the Chopper (Octopode Fighter)             Turns: 1741, Time: 00:03:01

Health: -5/36      AC:  1    Str: 16    XL:     5   Next: 0%
Magic:  5/5        EV: 13    Int: 12    God:
Gold:   129        SH:  4    Dex: 11    Spells: 4/4 levels left

rFire   . . .      SeeInvis .    a - +0 war axe
rCold   + . .      Faith    .    b - +0 buckler
rNeg    . . .      Spirit   .    (helmet restricted)
rPois   .          Reflect  .    (no amulet)
rElec   .          Harm     .    C - ring of protection from cold {rC+, !d}
rCorr   .          Rampage  .    (no ring)
Will    .....                    (no ring)
Stlth   ++                       (no ring)
HPRegen 0.26/turn                (no ring)
MPRegen 0.09/turn                (no ring)
                                 (no ring)
                                 (no ring)

@: no status effects
A: almost no armour, amphibious, 8 rings, camouflage 1, gelatinous body 1,
(nimble swimmer 1), tentacles
a: no special abilities


You were on level 3 of the Dungeon.
You visited 1 branch of the dungeon, and saw 3 of its levels.

You collected 129 gold pieces.

Inventory:

Hand Weapons
 a - a +0 war axe (weapon)
 c - a +0 dagger of holy wrath
   (You took it off a goblin on level 1 of the Dungeon)
Armour
 b - a +0 buckler (worn)
Magical Staves
 e - a staff of cold {rC+}
   (You found it on level 1 of the Dungeon)
Jewellery
 C - a ring of protection from cold (left tentacle) {rC+, !d}
   (You found it on level 2 of the Dungeon)
Scrolls
 d - a scroll of blinking {unknown}
 f - a scroll of butterflies {unknown}
 l - a scroll of brand weapon {unknown}
 m - a scroll of poison {unknown}
Potions
 h - a potion of mutation {unknown}
 k - a potion of invisibility {unknown}
 n - a potion of attraction {unknown}
 B - a potion of brilliance
 J - 2 potions of curing {@q1}
 N - a potion of heal wounds {@q2}


   Skills:
 - Level 3.0 Fighting
 + Level 5.0 Axes
 - Level 3.0 Dodging
 - Level 3.0 Shields


You had 4 spell levels left.
You didn't know any spells.
Your spell library was empty.

Dungeon Overview and Level Annotations

Branches:
Dungeon (3/15) Zot: 16218

Altars:

Annotations:
D:3 3 runed translucent doors, kiwi3s's ghost, amateur MiBe


Innate Abilities, Weirdness & Mutations

You cannot wear most types of armour.
You are amphibious.
You can wear up to eight rings at the same time.
Your skin changes colour to match your surroundings (Stealth+).
Your rubbery body absorbs attacks. (AC +1, EV +1)
((You are camouflaged when in or above water. (Stealth+)))
You have tentacles for arms and can constrict up to eight enemies at once.


Message History

You see here an adder skeleton.
There is a stone staircase leading down here.
There is a stone staircase leading down here.
You see here a frilled lizard corpse.
Items here: ))) [[.
Items here: ))) [[.
Things that are here:
a +0 club; a goblin corpse
Items here: )))))) †††††.
There is a stone staircase leading up, spattered with blood here.
Done exploring.
Health restored: 31 Done exploring.
(D) Dungeon
Where to? (Enter - D:2, ? - help)
There is a stone staircase leading up, spattered with blood here.
Items here: )))))) †††††.
There is a stone staircase leading down here.
You climb downwards.
Found a stone staircase leading down.
There is a stone staircase leading up here.
You open the door.
There is an open door here.
You see here a +0 leather armour.
You see here a +0 leather armour.
A ball python comes into view.
Found a stone staircase leading up.
The helpless ball python fails to defend itself.
You hit the ball python.
You kill the ball python!
No target in view!
There is a stone staircase leading up here.
A kobold comes into view. It is wielding a +0 short sword.
The kobold shouts!
The kobold throws a stone.
The stone barely misses you.
You barely miss the kobold. You grab the kobold. You constrict the kobold.
You block the kobold's attack.
You slash the kobold!
You kill the kobold!
Your Axes skill increases to level 5!
No target in view!
s - 2 stones (quivered)
You see here a +0 short sword.
Found a stone staircase leading up.
You now have 118 gold pieces (gained 7).
There is a stone staircase leading up here.
Found a stone staircase leading down.
There is a stone staircase leading down here.
A bat comes into view.
The bat closely misses you.
You slash the bat!
You kill the bat!
No target in view!
No target in view!
Kiwi3s's ghost turns its malevolent gaze towards you.
Kiwi3s's ghost screams in joy, "As in life, so in death: Kill!
Kill!!
Kill!!!"
You see here a +0 pair of boots.
Found a stone staircase leading down.
A bat comes into view.
You throw a stone.
The stone hits the bat but does no damage.
The bat hits you but does no damage.
You throw a stone. The stone closely misses the bat.
The bat hits you but does no damage. The bat hits you but does no damage. x2
You hit the bat.
You kill the bat!
You have reached level 5!
You feel stronger.
Health restored: 36; MP restored: 5 You now have 129 gold pieces (gained 11).
You see here a bat corpse.
A gnoll comes into view.
It is wielding a +0 club. 2 gnolls come into view.
The helpless gnoll fails to defend itself.
You slash the gnoll! Your grab misses the gnoll.
The gnoll hits you with a +0 flail! The gnoll hits you with a +0 flail.
The gnoll hits you with a +0 club.
The gnoll shouts!
You take 16 damage, and have 20/36 hp.
MASSIVE DAMAGE!!
You barely miss the gnoll. Your grab misses the gnoll. You hit the gnoll.
You block the gnoll's attack. The gnoll hits you with a +0 club.
You take 6 damage, and have 14/36 hp.
You hit the gnoll. Your grab misses the gnoll. You hit the gnoll. x2
The gnoll closely misses you. You block the gnoll's attack.
The gnoll hits you with a +0 club.
You take 3 damage, and have 11/36 hp.
You hit the gnoll. You grab the gnoll. You barely miss the gnoll. x2
You constrict the gnoll. The gnoll closely misses you.
The gnoll barely misses you. The gnoll hits you with a +0 club.
* * * LOW HITPOINT WARNING * * *
You take 5 damage, and have 6/36 hp.
You slash the gnoll!
You kill the gnoll!
You barely miss the gnoll. You hit the gnoll.
The gnoll hits you with a +0 club.
* * * LOW HITPOINT WARNING * * *
The gnoll misses you. The gnoll hits you with a +0 club!
You die...

.# .# ##.#
.# ...
#####.###
.# #.......
.##
###.....#
..+
.......#
.## #.gg..#
.# #.@)..#
.# #.#####
.# #.# .###
#+#
#.######.#
...# #.#
#........#
##.####.#
#.########
..[..##.##
#.#
##.#.#...##
#.#
...#......#
#.#


You could see 2 gnolls.

Vanquished Creatures
  Robin (D:2)
  A gnoll (D:3)
  3 adders (D:2)
  A dart slug (D:1)
  4 ball pythons
  7 endoplasms
  4 giant cockroaches
  11 goblins
  6 hobgoblins
  7 jackals (D:1)
  3 quokkas
  5 bats
  2 frilled lizards
  9 kobolds
  3 rats
67 creatures vanquished.

Notes
Turn   | Place    | Note
-------+----------+-------------------------------------------
     0 | D:1      | sokol815 the Octopode Fighter began the quest for the Orb.
     0 | D:1      | Reached XP level 1. HP: 16/16 MP: 1/1
    37 | D:1      | HP: 3/16 [goblin/+0 dagger (2)]
    40 | D:1      | Reached XP level 2. HP: 5/21 MP: 2/2
   238 | D:1      | Reached skill level 3 in Axes
   373 | D:1      | Reached XP level 3. HP: 26/26 MP: 3/3
   905 | D:2      | Reached skill level 4 in Axes
  1052 | D:2      | Reached XP level 4. HP: 23/31 MP: 4/4
  1192 | D:2      | Noticed Robin
  1373 | D:2      | Killed Robin
  1555 | D:3      | Reached skill level 5 in Axes
  1682 | D:3      | Found a runed translucent gate.
  1682 | D:3      | Found a runed translucent gate.
  1682 | D:3      | Found a runed translucent gate.
  1685 | D:3      | Noticed kiwi3s's ghost (amateur MiBe)
  1725 | D:3      | Reached XP level 5. HP: 36/36 MP: 5/5
  1740 | D:3      | HP: 6/36 [gnoll/+0 club (5)]
  1741 | D:3      | HP: 2/36 [gnoll/+0 club (4)]
  1741 | D:3      | Slain by a gnoll

Illustrated notes

Levels and vault maps discovered:
D:1:      dpeg_arrival_rhombi, layout_rooms, dreamdust_wishing_well,
          amethyst_killhole, minmay_hexomino_u4
D:2:      layout_rooms, uniq_robin
D:3:      layout_loops_corners, ebering_ghost_rock_garden

Skill      XL: |  1  2  3  4 |
---------------+-------------+-----
Axes           | 3 4 5 |  5.0
Fighting       | |  3.0
Dodging        | |  3.0
Shields        | |  3.0

Action                   |  1- 3 |  4- 6 || total
-------------------------+-------+-------++-------
Melee: War axe           |    57 |    43 ||   100
       Constrict         |    11 |    12 ||    23
       Tentacles         |    10 |     4 ||    14
       Punch             |     1 |       ||     1
Throw: Stone             |    24 |    12 ||    36
  Use: Potion            |     1 |       ||     1
       Scroll            |     2 |     1 ||     3
 Stab: Sleeping          |     1 |     4 ||     5
Armor: Skin              |     4 |     5 ||     9
Dodge: Dodged            |    38 |    24 ||    62
Block: Buckler           |    14 |     9 ||    23

Table legend: (Time is in decaauts)
 A = Elapsed time spent in this place.
 B = Non-inter-level travel time spent in this place.
 C = Inter-level travel time spent in this place.
 D = Time resting spent in this place.
 E = Time spent auto-exploring this place.
 F = Levels seen in this place.
 G = Mean time per level.
                   A        B        C        D        E       F      G
               +--------+--------+--------+--------+--------+-----+--------+
         Total |   1780 |   1734 |     46 |    102 |   1251 |   3 |  593.3 |
       Dungeon |   1780 |   1734 |     46 |    102 |   1251 |   3 |  593.3 |
               +--------+--------+--------+--------+--------+-----+--------+

Top non-repeatable levels by time:
     D:1: 855 daAuts
     D:2: 683 daAuts
     D:3: 242 daAuts

Table legend:
 A = Kills in this place as a percentage of kills in entire the game.
 B = Kills by you in this place as a percentage of kills by you in the entire game.
 C = Kills by friends in this place as a percentage of kills by friends in the entire game.
 D = Other kills in this place as a percentage of other kills in the entire game.
 E = Experience gained in this place as a percentage of experience gained in the entire game.
 F = Experience gained in this place divided by the number of levels of this place that you have seen.
                   A       B       C       D       E      F
               +-------+-------+-------+-------+-------+----------------------
         Total | 100.0 | 100.0 |   N/A |   N/A | 100.0 |  59.7
       Dungeon | 100.0 | 100.0 |   N/A |   N/A | 100.0 |  59.7
               +-------+-------+-------+-------+-------+----------------------
